 Dungeon Crawl Stone Soup version 0.29-a0-563-g64e4043184 (webtiles) character file.

Game seed: 2919272934749055171

107510 Crownlay the Warrior (level 17, -8/139 HPs)
             Began as a Djinni Fire Elementalist on June 11, 2022.
             Was an Initiate of Gozag.
             Killed from afar by a merfolk aquamancer (19 damage)
             ... with a shard of ice
             ... on level 3 of the Shoals.
             The game lasted 01:53:40 (41050 turns).

Crownlay the Warrior (Djinni Fire Elementalist)    Turns: 41050, Time: 01:53:41

Health: -8/139     AC: 16    Str:  7    XL:     17   Next: 2%
Gold:   1671       EV: 19    Int: 26    God:    Gozag SH:  0 Dex: 16

rFire   + + +      SeeInvis +   Q - +7 glaive of Icasow {venom, rElec rPois rC+}
rCold   + + +      Faith    .   (shield currently unavailable)
rNeg    + . .      Spirit   +   e - +2 troll leather armour of the Jackalope {rElec rF+ rN+ Regen+ Stlth-}
rPois   ∞          Reflect  .   N - +0 helmet
rElec   +          Harm     .   v - +0 cloak
rCorr   .          Rampage  .   h - +0 pair of gloves
Will    ++++.                   (boots unavailable)
Stlth   ..........              M - amulet "Yhyqeula" {Spirit Fly Will+ Int+3}
HPRegen 1.13/turn               T - ring "Hyixas" {rElec Will++ Int+3 SInv Stlth-}
MPRegen 0.00/turn               b - ring of the Coward {Fly rC+++ AC+4 Int-3 Stlth-}

@: gold aura, flying
A: sickness immunity, fire resistance 2, cold vulnerability 1, float, innate
caster, HP casting, extra vitality 1
a: Renounce Religion, Potion Petition, Call Merchant, Bribe Branch


You were on level 3 of the Shoals.
You worshipped Gozag.
Gozag was most pleased with you.
You visited 5 branches of the dungeon, and saw 25 of its levels.
You also visited: Sewer and Gauntlet.

You collected 9646 gold pieces.
You spent 2251 gold pieces at shops.
You paid 5724 gold pieces to Gozag.

Inventory:

Hand Weapons
 F - the +9 spear of Floods {chaos, *Noise rElec rF++ Str+4}
   (You found it on level 9 of the Dungeon)

   Each time it hits an enemy it has a different, random effect.
   Str:       It affects your strength (+4).
   rF:        It greatly protects you from fire.
   rElec:     It insulates you from electricity.
   *Noise:    It may make noises in combat.
 Q - the +7 glaive of Icasow (weapon) {venom, rElec rPois rC+}
   (You found it on level 11 of the Dungeon)

   It poisons the flesh of those it strikes.
   rC:        It protects you from cold.
   rElec:     It insulates you from electricity.
   rPois:     It protects you from poison.
Armour
 e - the +2 troll leather armour of the Jackalope (worn) {rElec rF+ rN+ Regen+ Stlth-}
   (You bought it in a shop on level 4 of the Lair of Beasts)

   rF:        It protects you from fire.
   rElec:     It insulates you from electricity.
   rN:        It protects you from negative energy.
   Regen:     It increases your rate of health regeneration.
   Stlth:     It makes you less stealthy.
 h - a +0 pair of gloves (worn)
 v - a +0 cloak (worn)
 N - a +0 helmet (worn)
Jewellery
 b - the ring of the Coward (right hand) {Fly rC+++ AC+4 Int-3 Stlth-}
   (You found it in a Gauntlet)

   [ring of protection]

   AC:        It affects your AC (+4).
   Int:       It affects your intelligence (-3).
   rC:        It renders you almost immune to cold.
   Fly:       It grants you flight.
   Stlth:     It makes you less stealthy.
 d - a ring of ice
 i - the amulet "Hapekkaxt" {Spirit rF- Dex+6}
   (You found it in a Gauntlet)

   [amulet of guardian spirit]

   It causes incoming damage to be divided between your reserves of health and
   magic.
   Dex:       It affects your dexterity (+6).
   rF:        It makes you vulnerable to fire.
 w - a ring of ice
 C - a ring of ice
 D - the ring "Wyla" {Wiz rPois rF+ rN+ Str+4}
   (You found it on level 6 of the Lair of Beasts)

   [ring of wizardry]

   It improves your spell success rate.
   Str:       It affects your strength (+4).
   rF:        It protects you from fire.
   rPois:     It protects you from poison.
   rN:        It protects you from negative energy.
 M - the amulet "Yhyqeula" (around neck) {Spirit Fly Will+ Int+3}
   (You found it on level 6 of the Lair of Beasts)

   [amulet of guardian spirit]

   It causes incoming damage to be divided between your reserves of health and
   magic.
   Int:       It affects your intelligence (+3).
   Fly:       It grants you flight.
   Will:      It increases your willpower.
 T - the ring "Hyixas" (left hand) {rElec Will++ Int+3 SInv Stlth-}
   (You bought it in a shop on level 12 of the Dungeon)

   [ring of see invisible]

   Int:       It affects your intelligence (+3).
   rElec:     It insulates you from electricity.
   SInv:      It lets you see invisible.
   Will:      It greatly increases your willpower.
   Stlth:     It makes you less stealthy.
Wands
 a - a wand of flame (39)
 o - a wand of paralysis (19)
 u - a wand of acid (8)
 y - a wand of polymorph (12)
 H - a wand of iceblast (7)
Scrolls
 c - 25 scrolls of teleportation
 j - 2 scrolls of poison
 k - 3 scrolls of fog
 l - 7 scrolls of enchant weapon
 q - 3 scrolls of blinking
 t - 4 scrolls of fear
 x - 4 scrolls of enchant armour
 A - 4 scrolls of summoning
 G - 3 scrolls of vulnerability {unknown}
 J - a scroll of brand weapon
Potions
 f - 2 potions of ambrosia
 g - a potion of resistance
 m - 8 potions of curing
 n - a potion of heal wounds
 p - 7 potions of invisibility
 r - 5 potions of flight
 s - a potion of mutation
 z - 4 potions of lignification
 B - 4 potions of brilliance
 E - a potion of might
 K - a potion of haste
 O - 2 potions of cancellation


   Skills:
 * Level 18.3 Fighting
 - Level 10.5 Armour
 + Level 14.6 Dodging
 - Level 1.5 Stealth
 + Level 8.3 Shields
 + Level 10.6 Spellcasting


You couldn't memorise any spells.
You knew the following spells:

 Your Spells              Type           Power      Damage    Failure   Level
a - Foxfire               Conj/Fire      100%       2x1d9     1%          1
b - Scorch                Fire           100%       2d10      1%          2
c - Conjure Flame         Conj/Fire      62%        6-21      1%          3
d - Inner Flame           Hex/Fire       62%        N/A       1%          3
e - Flame Wave            Conj/Fire      62%        2d12      1%          4
f - Beastly Appendage     Tmut           100%       N/A       1%          1
g - Passwall              Tmut/Erth      51%        N/A       1%          2
h - Gell's Gravitas       Tloc           62%        N/A       1%          3
i - Spider Form           Tmut/Pois      62%        N/A       1%          3
j - Freezing Cloud        Conj/Ice/Air   31%        6-21      1%          5
k - Borgnjor's Vile Clut  Necr/Erth      31%        N/A       1%          5
l - Conjure Ball Lightni  Conj/Air       31%        3x3d10    12%         6
m - Summon Hydra          Summ           31%        N/A       54%         7
Your spell library was empty.

Dungeon Overview and Level Annotations

Branches:
Dungeon (13/15)            Temple (1/1) D:6            Lair (6/6) D:9
 Shoals (3/4) Lair:3       Spider (0/4) Lair:4        Slime (0/5) Lair:6
    Orc (2/2) D:10            Elf (0/3) Orc:2        Vaults (0/5) D:13
  Sewer (visited)         Gauntlet (visited)

Altars:
Cheibriados
Gozag
Kikubaaqudgha
Makhleb
Nemelex Xobeh
Qazlal
Sif Muna
Trog
Uskayaw
Wu Jian
Xom
The Shining One
Beogh
Jiyva

Shops:
D:3 (   D:4 **   D:5 *   D:7 :   D:9 [?   D:12 =   Orc:2 *(=[   Lair:4 [!
Shoals:1 [

Annotations:
Lair:6 1 runed translucent door


Innate Abilities, Weirdness & Mutations

You are immune to sickness and miasma.
You are immune to poison.
Your flesh is very heat resistant. (rF++)
You are vulnerable to cold. (rC-)
You float through the air rather than walking.
You learn spells naturally, not from books.
Your magical power is your life essence.
You have superior vitality. (+4 MHP)


Message History

Flame seeps out of the merfolk aquamancer.
The merfolk is engulfed in a cloud of scalding steam.
The merfolk is distracted by your dazzling golden aura.
The merfolk is engulfed in blazing flames.
The merfolk completely misses you.
The merfolk aquamancer gestures at you while chanting.
The shard of ice hits you!!! You partially resist.
* * * LOW HITPOINT WARNING * * *
The merfolk is engulfed in blazing flames.
The merfolk closely misses you.
The merfolk shouts!
You hear a shout!
You hear an angry hiss.
Found a copper wand.
Okay, then.
Blink to where?
Press: ? - help, Dir - move target, p - merfolk aquamancer
Okay, then.
As you read the scroll of fear, it crumbles to dust.
You assume a fearsome visage.
The merfolk aquamancer resists with almost no effort.
The merfolk looks frightened! x3
The merfolk aquamancer looks frightened!
The merfolk looks frightened!
The water elemental is unaffected.
The merfolk looks frightened!
The water elemental is engulfed in a cloud of scalding steam.
The merfolk is engulfed in blazing flames.
Flame seeps out of the merfolk.
The merfolk aquamancer points at you and mumbles some strange words.
The ball of steam hits you! You resist.
* * * LOW HITPOINT WARNING * * *
The merfolk is engulfed in blazing flames.
The merfolk is distracted by your dazzling golden aura.
The merfolk aquamancer mumbles some strange words.
The merfolk aquamancer blinks!
The water elemental is engulfed in a cloud of scalding steam.
The water elemental barely misses you.
The merfolk is engulfed in blazing flames.
The merfolk aquamancer gestures at you while chanting.
The shard of ice hits you!! You partially resist.
You die...
Your body crumbles into a pile of gold.

≈≈≈≈≈≈≈≈≈≈/..≈
≈≈≈≈≈≈≈≈≈≈≈≈≈
≈≈≈≈≈≈≈$≈≈≈≈
≈≈≈≈≈≈≈...
.≈≈≈...#
#.§..§###. ≈
#.§§§§§...
≈≈..###§§§≈≈....
≈..≈.°m@E§≈≈≈..)
≈≈≈≈≈≈§§m≈≈≈≈≈..
≈≈≈m≈§mmE§≈≈≈≈.≈
≈≈≈≈m≈≈≈§...≈..≈
≈≈≈≈≈≈≈≈≈§#§....
≈≈≈≈≈≈≈≈§.....##
≈m≈≈≈≈≈≈≈≈≈≈..#
≈≈≈≈≈≈≈≈≈≈≈$≈.#


You could see 2 merfolk aquamancers, 5 merfolk and 2 water elementals.

Vanquished Creatures
  Jorgrun (D:13)
  Frances (D:13)
  A minotaur (Gauntlet)
  Snorg (Lair:6)
  Josephine (Shoals:1)
  3 merfolk impalers
  2 fire dragons
  Fannar (D:10)
  3 boulder beetles
  6 hydras
  Erolcha (D:9)
  2 merfolk avatars
  Harold (Orc:1)
  A centaur warrior (D:13)
  20 two-headed ogres
  2 catoblepae
  A radroach (shapeshifter) (Gauntlet)
  5 ogre magi (Orc:2)
  2 orc high priests (Orc:2)
  Urug (D:12)
  5 sea snakes
  A flayed ghost (D:9)
  A deep troll (D:13)
  A necromancer (Gauntlet)
  7 harpies
  A deep elf pyromancer (D:13)
  2 orc knights (Orc:1)
  6 slime creatures (D:12)
  3 fauns
  3 cyclopes
  13 elephants (Lair:6)
  5 manticores
  2 black mambas
  Maurice (D:8)
  6 merfolk sirens
  A smoke demon (Gauntlet)
  Joseph (D:7)
  2 gargoyles
  6 water nymphs
  6 cane toads
  An unseen horror (D:12)
  A kobold demonologist (D:12)
  8 komodo dragons
  13 rime drakes
  15 merfolk
  A meliai (Lair:4)
  5 polar bears
  8 trolls
  Prince Ribbit (D:5)
  A hornet (D:11)
  Grinder (D:6)
  8 blink frogs
  4 wind drakes
  6 snapping turtles
  6 dream sheep (Shoals:1)
  2 shadows (D:9)
  3 wyverns
  Eustachio (D:4)
  4 water elementals
  13 wraiths
  47 yaks
  14 fire bats (D:9)
  12 steam dragons
  Grum (D:8)
  4 basilisks
  2 wargs
  4 swamp worms
  An acid dragon (D:10)
  11 water moccasins
  18 orc warriors
  3 sky beasts
  An ice beast (D:5)
  35 ogres
  30 wolves
  15 centaurs
  Blork the orc (D:5)
  7 bullfrogs
  2 necrophages
  9 kobold brigands
  A bullfrog (shapeshifter) (D:13)
  6 scorpions
  A gnoll sergeant (D:10)
  15 wights
  6 killer bees
  3 crimson imps (Gauntlet)
  Crazy Yiuf (D:3)
  4 hounds
  4 gnoll shamans
  15 orc priests
  2 jellies
  4 iguanas
  Terence (D:3)
  Jessica (D:3)
  22 orc wizards
  18 hell rats
  7 adders
  21 gnolls
  2 river rats (Sewer)
  2 shadow imps
  2 white imps (D:8)
  An ufetubus (D:6)
  6 worms (Sewer)
  A dart slug (D:1)
  83 orcs
  7 ball pythons
  70 bats
  11 endoplasms
  7 giant cockroaches
  8 goblins
  A hobgoblin (D:3)
  2 jackals (D:3)
  6 quokkas
  6 frilled lizards
  23 kobolds
  7 rats
  A bush (Lair:2)
826 creatures vanquished.

Vanquished Creatures (collateral kills)
  10 foxfires
10 creatures vanquished.

Vanquished Creatures (others)
  14 ball lightnings
  A bush (Lair:6)
  1852 foxfires
  64 fungi
  118 plants
2049 creatures vanquished.

Grand Total: 2885 creatures vanquished

Notes
Turn   | Place    | Note
-------+----------+-------------------------------------------
     0 | D:1      | Crownlay the Djinni Fire Elementalist began the quest for
                  | the Orb.
     0 | D:1      | Reached XP level 1. HP: 15/15 MP: 0/0
   354 | D:1      | Reached XP level 2. HP: 22/22 MP: 0/0
   436 | D:1      | Reached skill level 1 in Fighting
  1413 | D:2      | Reached XP level 3. HP: 27/27 MP: 0/0
  1413 | D:2      | Learned a level 1 spell: Beastly Appendage
  2103 | D:3      | Noticed Jessica
  2109 | D:3      | Killed Jessica
  2110 | D:3      | Reached skill level 2 in Fighting
  2110 | D:3      | Reached XP level 4. HP: 27/34 MP: 0/0
  2230 | D:3      | Found a glowing drain.
  2283 | Sewer    | Entered a sewer
  2453 | Sewer    | Noticed a kobold brigand
  2464 | Sewer    | Killed a kobold brigand
  2465 | Sewer    | Reached skill level 3 in Fighting
  2465 | Sewer    | Reached XP level 5. HP: 34/40 MP: 0/0
  2465 | Sewer    | Learned a level 2 spell: Passwall
  2545 | Sewer    | Noticed a kobold brigand
  2558 | Sewer    | Killed a kobold brigand
  2559 | Sewer    | Reached XP level 6. HP: 39/47 MP: 0/0
  2861 | Sewer    | Reached skill level 4 in Fighting
  2985 | Sewer    | Reached XP level 7. HP: 51/53 MP: 0/0
  2985 | Sewer    | Learned a level 3 spell: Gell's Gravitas
  3591 | D:3      | Found a faded altar of an unknown god.
  3619 | D:3      | Noticed Terence
  3652 | D:3      | Killed Terence
  3653 | D:3      | Reached skill level 5 in Fighting
  4318 | D:3      | Found Leileeku's Antique Weapon Boutique.
  4397 | D:3      | Found a runed translucent door.
  4398 | D:3      | Noticed Crazy Yiuf
  4632 | D:3      | Killed Crazy Yiuf
  5050 | D:4      | Noticed Eustachio
  5065 | D:4      | Killed Eustachio
  5066 | D:4      | Reached skill level 6 in Fighting
  5066 | D:4      | Reached skill level 5 in Dodging
  5066 | D:4      | Reached XP level 8. HP: 51/61 MP: 0/0
  5254 | D:4      | Found Yseckoq's Fire Supplies.
  5956 | D:4      | Found an opulent altar of Gozag.
  5975 | D:4      | Found Gozag's Platinum Reserve.
  5996 | D:4      | Became a worshipper of Gozag Ym Sagoz the Greedy
  6145 | D:5      | Entered Level 5 of the Dungeon
  6166 | D:5      | Reached skill level 1 in Armour
  6601 | D:5      | Reached skill level 7 in Fighting
  6601 | D:5      | Reached XP level 9. HP: 64/68 MP: 0/0
  6601 | D:5      | Learned a level 3 spell: Spider Form
  6605 | D:5      | Noticed Blork the orc
  6611 | D:5      | Killed Blork the orc
  7055 | D:5      | Noticed Prince Ribbit
  7061 | D:5      | Killed Prince Ribbit
  7166 | D:5      | Found Bodu's Gadget Gallery.
  7356 | D:6      | Reached skill level 8 in Fighting
  7594 | D:6      | Reached skill level 5 in Spellcasting
  8249 | D:6      | Noticed Grinder
  8253 | D:6      | Killed Grinder
  8254 | D:6      | Reached XP level 10. HP: 68/77 MP: 0/0
  8534 | D:6      | Found a staircase to the Ecumenical Temple.
  8543 | Temple   | Entered the Ecumenical Temple
  8962 | D:6      | Found a sparkling altar of Nemelex Xobeh.
  9090 | D:7      | Reached skill level 9 in Fighting
  9570 | D:7      | Found Xicus's Book Shop.
 10164 | D:7      | Noticed Joseph
 10176 | D:7      | Killed Joseph
 10177 | D:7      | Reached skill level 5 in Armour
 10999 | D:8      | Noticed Grum
 11010 | D:8      | Noticed Maurice
 11302 | D:8      | Killed Grum
 11303 | D:8      | Reached skill level 10 in Fighting
 11733 | D:8      | Killed Maurice
 11876 | D:8      | Reached XP level 11. HP: 71/85 MP: 0/0
 11876 | D:8      | Learned a level 5 spell: Freezing Cloud
 12379 | D:9      | Noticed Erolcha
 12386 | D:9      | Killed Erolcha
 13377 | D:9      | Reached skill level 11 in Fighting
 13677 | D:9      | Found a bloodstained altar of Trog.
 13990 | D:9      | Found a snail-covered altar of Cheibriados.
 13991 | D:9      | Found a staircase to the Lair.
 14321 | D:9      | Found a runed translucent door.
 14417 | D:9      | Found a shimmering altar of Xom.
 14694 | D:9      | Found an opulent altar of Gozag.
 14923 | D:9      | Noticed a flayed ghost
 14990 | D:9      | HP: 2/87 [orc priest/divine providence (9)]
 17647 | D:9      | Found a shimmering altar of Xom.
 17956 | D:9      | Found a hide-covered altar of Uskayaw.
 18621 | D:10     | Entered Level 10 of the Dungeon
 18633 | D:10     | Reached XP level 12. HP: 41/95 MP: 0/0
 19246 | D:10     | Noticed Fannar
 19251 | D:10     | Killed Fannar
 19252 | D:10     | Reached skill level 12 in Fighting
 21119 | D:10     | Found a staircase to the Orcish Mines.
 21761 | Lair:1   | Entered Level 1 of the Lair of Beasts
 21766 | Lair:1   | Reached skill level 10 in Dodging
 21855 | D:9      | Bought a scroll of fear for 59 gold pieces
 21855 | D:9      | Bought 3 scrolls of blinking for 382 gold pieces
 21855 | D:9      | Bought a scroll of teleportation for 51 gold pieces
 21855 | D:9      | Bought a scroll of identify for 34 gold pieces
 21855 | D:9      | Bought a scroll of fear for 59 gold pieces
 21855 | D:9      | Bought a scroll of teleportation for 51 gold pieces
 21898 | D:9      | Killed a flayed ghost
 22047 | D:9      | Identified the +9 spear of Floods {chaos, *Noise rElec rF++
                  | Str+4}
 22900 | Lair:1   | Reached skill level 13 in Fighting
 24460 | Lair:2   | Reached XP level 13. HP: 88/103 MP: 0/0
 24460 | Lair:2   | Learned a level 5 spell: Borgnjor's Vile Clutch
 25343 | Lair:3   | Found a staircase to the Shoals.
 26116 | Lair:3   | You are sucked into a shaft and drop 2 floors!
 26185 | Lair:5   | Identified a scroll of acquirement
 27078 | Lair:4   | Noticed a catoblepas
 27489 | Lair:4   | Killed a catoblepas
 27536 | Lair:4   | Reached skill level 14 in Fighting
 28052 | Lair:4   | Noticed a boulder beetle
 28064 | Lair:4   | Killed a boulder beetle
 28922 | Lair:4   | Found a hole to the Spider Nest.
 29205 | Lair:4   | Noticed a fire dragon
 29218 | Lair:4   | Killed a fire dragon
 30336 | Lair:4   | Acquired 1070 gold pieces
 30339 | Lair:4   | Bought a potion of brilliance for 52 gold pieces
 30339 | Lair:4   | Bought a potion of degeneration for 13 gold pieces
 30343 | Lair:4   | Bought a jewelled troll leather armour for 500 gold pieces
 30343 | Lair:4   | Identified the +2 troll leather armour of the Jackalope
                  | {rElec rF+ rN+ Regen+ Stlth-} (You bought it in a shop on
                  | level 4 of the Lair of Beasts)
 30354 | Lair:4   | Bought a slimy leather armour for 175 gold pieces
 30354 | Lair:4   | Identified the +3 leather armour of Philately {SInv} (You
                  | bought it in a shop on level 4 of the Lair of Beasts)
 30749 | Lair:6   | Entered Level 6 of the Lair of Beasts
 30763 | Lair:6   | Noticed a five-headed hydra
 30767 | Lair:6   | Killed a five-headed hydra
 30774 | Lair:6   | Noticed Snorg
 30780 | Lair:6   | Reached XP level 14. HP: 92/112 MP: 0/0
 30780 | Lair:6   | Killed Snorg
 30781 | Lair:6   | Reached skill level 1 in Shields
 30832 | Lair:6   | Reached skill level 15 in Fighting
 30979 | Lair:6   | Reached skill level 10 in Armour
 31376 | Lair:6   | Identified the ring "Wyla" {Wiz rPois rF+ rN+ Str+4}
 31442 | Lair:6   | Found a runed translucent door.
 31528 | Lair:6   | Found a viscous altar of Jiyva.
 31528 | Lair:6   | Found a staircase to the Slime Pits.
 31975 | Lair:6   | Identified the amulet "Yhyqeula" {Spirit Fly Will+ Int+3}
 32253 | Orc:1    | Entered Level 1 of the Orcish Mines
 32259 | Orc:1    | Noticed Harold
 32267 | Orc:1    | Killed Harold
 32614 | Orc:2    | Entered Level 2 of the Orcish Mines
 33477 | Orc:2    | Reached XP level 15. HP: 104/121 MP: 0/0
 33477 | Orc:2    | Learned a level 6 spell: Conjure Ball Lightning
 33484 | Orc:2    | Reached skill level 16 in Fighting
 33491 | Orc:2    | Reached skill level 5 in Shields
 33610 | Orc:2    | Found Ottoekki's General Store.
 33610 | Orc:2    | Found Addueg's Jewellery Emporium.
 33610 | Orc:2    | Found Woptuad's Antique Weapon Emporium.
 33610 | Orc:2    | Found Xuploti's Armour Shop.
 33836 | Orc:2    | Found a staircase to the Elven Halls.
 34757 | D:11     | Identified the +7 glaive of Icasow {venom, rElec rPois rC+}
 35644 | D:12     | Reached skill level 17 in Fighting
 35889 | D:12     | Noticed Urug
 35894 | D:12     | Killed Urug
 36402 | D:12     | Bought the ring "Hyixas" {rElec Will++ Int+3 SInv Stlth-}
                  | for 676 gold pieces
 36429 | D:13     | Reached XP level 16. HP: 108/130 MP: 0/0
 36472 | D:13     | Found a gate leading to a gauntlet.
 36491 | Gauntlet | Entered a Gauntlet
 36491 | Gauntlet | Found a transporter.
 36491 | Gauntlet | Found a transporter.
 36493 | Gauntlet | Found a transporter.
 36505 | Gauntlet | Found a transporter.
 36516 | Gauntlet | Found a transporter.
 36531 | Gauntlet | Found a transporter.
 36541 | Gauntlet | Found a transporter.
 36556 | Gauntlet | Found a transporter.
 36562 | Gauntlet | Found a transporter.
 36610 | Gauntlet | Found a transporter.
 36610 | Gauntlet | Found a transporter.
 36616 | Gauntlet | Found a transporter.
 36800 | Gauntlet | Reached skill level 10 in Spellcasting
 37089 | Gauntlet | Identified the ring of the Coward {Fly rC+++ AC+4 Int-3
                  | Stlth-}
 37251 | Gauntlet | Identified the amulet "Hapekkaxt" {Spirit rF- Dex+6}
 37389 | D:13     | Noticed Jorgrun
 37392 | D:13     | HP: 4/130 [constriction (8)]
 37515 | D:13     | Killed Jorgrun
 37530 | D:13     | Noticed Frances
 37536 | D:13     | Killed Frances
 37619 | D:13     | Identified the +1 robe of Qosk {Int+2}
 37656 | D:13     | Found an ornate altar of the Wu Jian Council.
 37983 | D:13     | Found a gate to the Vaults.
 37987 | D:13     | Identified the +8 quarterstaff of Exoneration {freeze, rC-
                  | Int+7}
 38318 | Shoals:1 | Entered Level 1 of the Shoals
 38533 | Shoals:1 | Bought a creamy pearl robe for 199 gold pieces
 38533 | Shoals:1 | Identified the +1 robe of the Cursing Gods {rN+ rCorr
                  | Slay+2} (You bought it in a shop on level 1 of the Shoals)
 39439 | Shoals:1 | Noticed Josephine
 39447 | Shoals:1 | Killed Josephine
 39448 | Shoals:1 | Reached skill level 18 in Fighting
 39972 | Shoals:2 | Identified the +0 ring mail of Discretion {Int+2}
 40934 | Shoals:2 | Reached XP level 17. HP: 24/139 MP: 0/0
 40934 | Shoals:2 | Learned a level 7 spell: Summon Hydra
 41050 | Shoals:3 | Killed from afar by a merfolk aquamancer

Illustrated notes

Levels and vault maps discovered:
D:1:      elethiomel_arrival_infinity_welcomes_careful_drivers, layout_basic,
          serial_rivers, chequers_serial_rivers_room_b,
          chequers_serial_rivers_small_b, chequers_serial_rivers_micro_c,
          chequers_serial_rivers_small_b, chequers_serial_rivers_micro_d,
          chequers_serial_rivers_large_b
D:2:      wad_crossroads, layout_loops_ring
D:3:      layout_loops_ring, chequers_ecumenical_altar_simple_redux,
          serial_shops, shop, gup_sewer_entry_pipe, kennysheep_generic_room_13,
          uniq_jessica, uniq_terence, uniq_crazy_yiuf_cottage
D:4:      layout_basic, mainiacjoe_overflow_surrounded_room,
          nicolae_gozag_zags_fifth_avenue, nicolae_shop_fire_sale
          [nicolae_sub_dead_trees], uniq_eustachio
D:5:      layout_rooms, nicolae_shop_gadgets, uniq_prince_ribbit1,
          uniq_blork_the_orc
D:6:      layout_rooms, nemelex_diamond_rough_becter, temple_hall, uniq_grinder
D:7:      layout_layer_cave, lemuel_blue_sif_altar, serial_shops, shop,
          uniq_joseph
D:8:      layout_rooms, uniq_maurice, uniq_grum
D:9:      due_megacathedral, layout_basic,
          mainiacjoe_overflow_concentric_impassable,
          mainiacjoe_overflow_24_doors, minmay_misc_feat_chi,
          kennysheep_generic_room_6, uniq_erolcha
D:10:     layout_basic, hiddenorc2_lemuel, nicolae_water_bricks,
          nicolae_twisting_strands, uniq_fannar
D:11:     layout_loops_corners, centaur_isle
D:12:     layout_rooms, minmay_splitting_lines, uniq_urug
D:13:     layout_basic, david_vaults_4, gauntlet_entry_generic,
          nzn_wu_jian_contemplation, uniq_frances, uniq_jorgrun
Temple:   eino_temple_rhombus
Lair:1:   layout_loops_ring, serial_rivers, chequers_serial_rivers_micro_b,
          chequers_serial_rivers_micro_b, chequers_serial_rivers_large_a,
          chequers_serial_rivers_micro_e, beast_lair_carwin_5
Lair:2:   beast_lair_carwin_large_2, layout_loops_ring, basic_altar,
          dreamdust_gnoll_shepherd, grunt_megastairs_3, serial_bayou_shore_b
Lair:3:   layout_chaotic_city, minmay_shoals_entry_centaurs, st_stairs_5,
          minivault_27, grunt_megastairs_2
Lair:4:   layout_layer_cave, hellmonk_spider_entry_not_the_bees,
          bobbens_dragon_lair_wall, serial_bayou_shore_b
Lair:5:   layout_loops_ring
Lair:6:   gammafunk_lair_ancient_temple, layout_misc_corridors, slime_altar_2,
          uniq_snorg
Shoals:1: layout_shoals, uniq_josephine
Shoals:2: layout_shoals, nicolae_shoals_nymph_descending_staircase
Shoals:3: layout_shoals, nicolae_shoals_hunting_party
Orc:1:    layout_caves, uniq_harold
Orc:2:    st_orc_ogre_mass, layout_caves, mines2_david

Skill      XL: |  1  2  3  4  5  6  7  8  9 10 11 12 13 14 15 16 |
---------------+-------------------------------------------------+-----
Fighting       | 1 2 3 4 6 7 8 10 11 13 14 15 17 18 | 18.3
Dodging        | 3 4 5 7 8 9 10 11 12 13 14 | 14.6
Spellcasting   | 3 4 5 6 7 8 9 10 | 10.6
Armour         | 2 4 5 7 8 9 10 | 10.5
Shields        | 4 6 8 |  8.3
Stealth        | |  1.5

Action                   |  1- 3 |  4- 6 |  7- 9 | 10-12 | 13-15 | 16-18 || total
-------------------------+-------+-------+-------+-------+-------+-------++-------
Melee: Unarmed           |       |       |       |    11 |       |       ||    11
       Short sword       |       |       |       |   105 |       |       ||   105
       Headbutt          |       |       |       |     3 |       |       ||     3
       Punch             |       |       |       |     2 |       |       ||     2
       Spear             |       |       |       |    17 |    14 |       ||    31
       Glaive            |       |       |       |       |    12 |    89 ||   101
 Fire: Hunting sling     |    46 |    82 |   138 |    19 |       |       ||   285
 Cast: Foxfire           |    21 |    19 |   112 |   386 |   258 |   290 ||  1086
       Inner Flame       |       |     9 |    50 |   147 |   219 |    49 ||   474
       Gell's Gravitas   |       |       |     2 |     2 |       |       ||     4
       Flame Wave        |       |       |     1 |    24 |     2 |     1 ||    28
       Scorch            |       |       |       |    37 |    31 |       ||    68
       Freezing Cloud    |       |       |       |     9 |       |       ||     9
       Conjure Flame     |       |       |       |     8 |       |       ||     8
       Beastly Appendage |       |       |       |     5 |     3 |       ||     8
       Borgnjor's Vile C |       |       |       |       |   159 |    42 ||   201
       Conjure Ball Ligh |       |       |       |       |     2 |     4 ||     6
Invok: Call Merchant     |       |       |       |     2 |     3 |     1 ||     6
Evoke: Wand              |       |       |       |       |     4 |       ||     4
  Use: Scroll            |     3 |       |     1 |    10 |    12 |    10 ||    36
       Potion            |       |       |       |     1 |       |     4 ||     5
Armor: Robe              |     4 |    13 |    19 |    66 |    10 |       ||   112
       Skin              |       |       |       |     4 |       |     7 ||    11
       Troll leather arm |       |       |       |       |    41 |    62 ||   103
Dodge: Dodged            |    21 |    45 |   107 |   303 |   177 |   220 ||   873

Table legend: (Time is in decaauts)
 A = Elapsed time spent in this place.
 B = Non-inter-level travel time spent in this place.
 C = Inter-level travel time spent in this place.
 D = Time resting spent in this place.
 E = Time spent auto-exploring this place.
 F = Levels seen in this place.
 G = Mean time per level.
                   A        B        C        D        E       F      G
               +--------+--------+--------+--------+--------+-----+--------+
         Total |  41287 |  39923 |   1364 |   1294 |  32921 |  27 | 1529.1 |
       Dungeon |  24042 |  23213 |    829 |     36 |  20106 |  13 | 1849.4 |
        Temple |      1 |      1 |      0 |      0 |      0 |   1 |    1.0 |
          Lair |  10387 |  10065 |    322 |    880 |   8067 |   6 | 1731.2 |
        Shoals |   2626 |   2530 |     96 |    281 |   1643 |   3 |  875.3 |
  Orcish Mines |   2200 |   2085 |    115 |      0 |   1693 |   2 | 1100.0 |
         Sewer |   1245 |   1245 |      0 |      0 |   1035 |   1 | 1245.0 |
      Gauntlet |    782 |    782 |      0 |     97 |    377 |   1 |  782.0 |
               +--------+--------+--------+--------+--------+-----+--------+

Top non-repeatable levels by time:
     D:9: 6200 daAuts
  Lair:4: 3040 daAuts
     D:8: 2515 daAuts
     D:7: 2412 daAuts
  Lair:3: 2342 daAuts
    D:10: 2066 daAuts
     D:4: 1606 daAuts
  Lair:1: 1556 daAuts
     D:3: 1543 daAuts
     D:6: 1500 daAuts
  Lair:2: 1346 daAuts
Shoals:2: 1292 daAuts
   Orc:2: 1289 daAuts
  Lair:6: 1283 daAuts
     D:1: 1279 daAuts
